 Dungeon Crawl Stone Soup version 0.29.1-1-gd02db6906a (webtiles) character file.

Game seed: 2490298552544639681

3 fireball365 the Digger (level 1, -1/14 HPs)
             Began as a Demigod Earth Elementalist on Oct 5, 2022.
             Slain by a kobold
             ... wielding a +0 dagger
              (4 damage)
             ... on level 1 of the Dungeon.
             The game lasted 00:00:36 (51 turns).

fireball365 the Digger (Demigod Earth Elementalist)   Turns: 51, Time: 00:00:36

Health: -1/14      AC:  2    Str:  9    XL:     1   Next: 33%
Magic:  3/5        EV:  9    Int: 17    God:
Gold:   0          SH:  0    Dex: 14    Spells: 2/3 levels left

rFire   . . .      SeeInvis .   (no weapon)
rCold   . . .      Faith    .   (no shield)
rNeg    . . .      Spirit   .   a - +0 robe
rPois   .          Reflect  .   (no helmet)
rElec   .          Harm     .   (no cloak)
rCorr   .          Rampage  .   (no gloves)
Will    .....                   (no boots)
Stlth   ++........              (no amulet)
HPRegen 0.04/turn               (no ring)
MPRegen 0.09/turn               (no ring)

@: constricted
A: high MP 1, forlorn, divine attributes
a: no special abilities


You were on level 1 of the Dungeon.
You visited 1 branch of the dungeon, and saw 1 of its levels.

Inventory:

Armour
 a - a +0 robe (worn)
Potions
 b - a potion of magic


   Skills:
 + Level 1.7 Dodging
 + Level 1.7 Stealth
 + Level 1.9 Spellcasting
 + Level 0.8 Transmutations
 + Level 2.8 Earth Magic


You had 2 spell levels left.
You knew the following spells:

 Your Spells              Type           Power      Damage    Failure   Level
a - Sandblast             Erth           22%        2d7       6%          1

Your spell library contained the following spells:

 Spells                   Type           Power      Damage    Failure   Level
 Passwall                 Tmut/Erth      5%         N/A       14%         2
 Stone Arrow              Conj/Erth      12%        3d7       32%         3
 Petrify                  Tmut/Erth      7%         N/A       67%         4


Dungeon Overview and Level Annotations

Branches:
Dungeon (1/15)


Innate Abilities, Weirdness & Mutations

You have an increased reservoir of magic. (+10% MP)
You shall have no god before yourself.
Your divine heritage dramatically boosts your attributes as you level up.


Message History

Aiming: Sandblast (safe; 6% risk of failure)
Press: ? - help, Shift-Dir - straight line, f - kobold, p - giant cockroach
Aim: a kobold, wielding a +0 dagger and quivering stones (77% to hit)
The blast of sand hits the goblin.
You kill the goblin!
The bat barely misses you. The giant cockroach barely misses you.
The giant cockroach bites you but does no damage.
Casting: Sandblast (safe; 6% risk of failure)
Confirm with . or Enter, or press ? or * to list all spells.
Aiming: Sandblast (safe; 6% risk of failure)
Press: ? - help, Shift-Dir - straight line, f/p - kobold
Aim: a kobold, wielding a +0 dagger and quivering stones (77% to hit)
The blast of sand hits the hobgoblin!
You kill the hobgoblin!
The bat closely misses you.
The giant cockroach barely misses you. x2
The giant cockroach attacks as you move away!
The giant cockroach completely misses you.
The bat closely misses you.
The kobold throws a stone.
The stone misses you.
The giant cockroach attacks as you move away!
The giant cockroach bites you but does no damage.
A frilled lizard comes into view.
The frilled lizard hisses angrily.
You hear an angry hiss.
A ball python comes into view.
The bat hits you but does no damage.
The ball python moves out of view.
The bat closely misses you.
You hit the bat.
The bat is moderately wounded.
The bat misses you.
The giant cockroach bites you but does no damage.
The giant cockroach barely misses you.
A kobold comes into view. It is wielding a +0 dagger.
Found a runed short sword.
The kobold shouts!
The bat barely misses you. The kobold hits you with a +0 dagger.
* * * LOW HITPOINT WARNING * * *
The giant cockroach bites you but does no damage.
You hit the kobold but do no damage. The bat closely misses you.
The ball python closely misses you. The ball python grabs you.
The ball python constricts you. The kobold hits you with a +0 dagger.
You die...

.......†# ♣#.#
........#####.#
.....##..##....#
..... #..##.<..#
)....##.)##....#
.........#####.#
.....##..# ♣#.#
.......KB# #+#
..####@.#
.......Sb#
.......l..#
...........#
#...........#
.K..........#
.........#...
#...........##


You could see a giant cockroach, a bat, a ball python, 2 kobolds and a frilled
lizard.

Vanquished Creatures
  A goblin (D:1)
  A hobgoblin (D:1)
  A frilled lizard (D:1)
3 creatures vanquished.

Notes
Turn   | Place    | Note
-------+----------+-------------------------------------------
     0 | D:1      | fireball365 the Demigod Earth Elementalist began the quest
                  | for the Orb.
     0 | D:1      | Reached XP level 1. HP: 14/14 MP: 5/5
    51 | D:1      | Slain by a kobold

Illustrated notes

Levels and vault maps discovered:
D:1:      sevenhm_arrival_forest_fort_small_1, layout_basic,
          chequers_ecumenical_altar_twisty, hex_tiny, st_stairs_2

Action                   || total
-------------------------++-------
Melee: Unarmed           ||     3
 Cast: Sandblast         ||     3
Armor: Robe              ||    11
Dodge: Dodged            ||    33
